PBL
LOS ANGELES ANGELS @ TAMPA BAY RAYS
03/23/2071
 
TOP OF THE 1ST
Los Angeles Angels batting - Pitching for Tampa Bay Rays : RHP Stuart Black
Pitching: RHP Stuart Black
Batting: LHB Kenzaburo Sato 0-0: DOUBLE (Flyball, 78D, EV 108.8 MPH)
Batting: SHB Jeff Vaughn 0-0: Ball
1-0: Ground out U3 (Groundball, 3, EV 104.4 MPH)
Kenzaburo Sato to third
Batting: LHB Ma-huan Yan 0-0: Foul Ball, location: 7LMF
0-1: Swinging Strike
0-2: Strikes out swinging
Batting: RHB Craig Martin 0-0: Foul Ball, location: 9LSF
0-1: Ball
1-1: Ball
2-1: Called Strike
2-2: Ball
3-2: DOUBLE (Line Drive, 9LM, EV 106.9 MPH)
Kenzaburo Sato scores
Batting: RHB Ognjeslav Milatovic 0-0: Swinging Strike
0-1: Foul Ball, location: 7LSF
0-2: Strikes out looking
Top of the 1st over - 1 run, 2 hits, 0 errors, 1 left on base; Los Angeles 1 - Tampa Bay 0
BOTTOM OF THE 1ST
Tampa Bay Rays batting - Pitching for Los Angeles Angels : RHP Nathan Rose
Pitching: RHP Nathan Rose
Batting: RHB Ken Potter 0-0: Called Strike
0-1: Ball
1-1: Ball
2-1: TRIPLE (Line Drive, 89XD, EV 105.0 MPH)
Batting: LHB Manuel Gonzáles 0-0: Called Strike
0-1: Ball
1-1: Swinging Strike
1-2: Ball
2-2: Foul Ball, location: 25FF
2-2: Strikes out swinging
Batting: RHB Tom Pike 0-0: Ball
1-0: Foul Ball, location: 5SF
1-1: Ball
2-1: Ball
3-1: Base on Balls
Batting: RHB Jorge Baca 0-0: Fly out, F8 (Flyball, 78S, EV 87.5 MPH)
Batting: SHB Barry Huffman 0-0: Foul Ball, location: 2F
0-1: Ball
1-1: Swinging Strike
1-2: Strikes out swinging
Bottom of the 1st over - 0 runs, 1 hit, 0 errors, 2 left on base; Los Angeles 1 - Tampa Bay 0
TOP OF THE 2ND
Los Angeles Angels batting - Pitching for Tampa Bay Rays : RHP Stuart Black
Batting: SHB Xavier Martínez 0-0: Foul Ball, location: 3F
0-1: SINGLE (Line Drive, 6MD, EV 99.4 MPH)
Batting: RHB Tony Mora 0-0: Called Strike
Xavier Martínez steals 2nd base
0-1: Ground out 4-3 (Groundball, 4, EV 103.8 MPH)
Xavier Martínez to third
Batting: RHB Duncan Phillips 0-0: Ball
1-0: Foul Ball, location: 2F
1-1: Swinging Strike
1-2: Ball
2-2: Strikes out swinging
Batting: RHB Stanley Blake 0-0: Single, Error in OF, E7, batter to second base (Groundball, 56S, EV 86.3 MPH)
Xavier Martínez scores
Batting: LHB Kenzaburo Sato 0-0: Ball
1-0: Foul Ball, location: 5DF
1-1: Ball
2-1: Swinging Strike
2-2: 2-RUN HOME RUN (Flyball, 7LD, EV 93.8 MPH), Distance : 355 ft
Batting: SHB Jeff Vaughn 0-0: Ground out 6-3 (Groundball, 6, EV 109.4 MPH)
Top of the 2nd over - 3 runs, 3 hits, 1 error, 0 left on base; Los Angeles 4 - Tampa Bay 0
BOTTOM OF THE 2ND
Tampa Bay Rays batting - Pitching for Los Angeles Angels : RHP Nathan Rose
Batting: RHB Colt Keeling 0-0: Called Strike
0-1: Ground out 6-3 (Groundball, 6, EV 78.8 MPH)
Batting: RHB Carlos Cruz 0-0: Ball
1-0: Ball
2-0: Ball
3-0: Called Strike
3-1: Called Strike
3-2: Foul Ball, location: 2F
3-2: Strikes out swinging
Batting: RHB Paul Robertson 0-0: Ball
1-0: Called Strike
1-1: Ball
2-1: Called Strike
2-2: Strikes out swinging
Bottom of the 2nd over - 0 runs, 0 hits, 0 errors, 0 left on base; Los Angeles 4 - Tampa Bay 0
TOP OF THE 3RD
Los Angeles Angels batting - Pitching for Tampa Bay Rays : RHP Stuart Black
Batting: LHB Ma-huan Yan 0-0: Ball
1-0: Foul Ball, location: 2F
1-1: Ball
2-1: Ball
3-1: Swinging Strike
3-2: Foul Ball, location: 2F
3-2: Base on Balls
Batting: RHB Craig Martin 0-0: Ball
1-0: Fly out, F9 (Flyball, 9S, EV 88.8 MPH)
Batting: RHB Ognjeslav Milatovic 0-0: Ball
1-0: SINGLE (Line Drive, 89S, EV 90.0 MPH)
Ma-huan Yan to second
Batting: SHB Xavier Martínez 0-0: Ball
1-0: Called Strike
1-1: Ball
2-1: Fly out, F7 (Flyball, 7, EV 91.3 MPH)
Batting: RHB Tony Mora 0-0: 3-RUN HOME RUN (Flyball, 9D, EV 104.4 MPH), Distance : 408 ft
Pitching: RHP Pete Myers
Batting: RHB Duncan Phillips 0-0: Swinging Strike
0-1: Called Strike
0-2: Ball
1-2: Ball
2-2: Foul Ball, location: 2F
2-2: Ball
3-2: Strikes out swinging
Top of the 3rd over - 3 runs, 2 hits, 0 errors, 0 left on base; Los Angeles 7 - Tampa Bay 0
BOTTOM OF THE 3RD
Tampa Bay Rays batting - Pitching for Los Angeles Angels : RHP Nathan Rose
Batting: RHB Jeffrey Brown 0-0: Ball
1-0: SINGLE (Groundball, P, EV 78.8 MPH) (infield hit)
Batting: RHB Ken Potter 0-0: Ball
1-0: Called Strike
1-1: Fly out, F9 (Flyball, 9, EV 90.6 MPH)
Batting: LHB Manuel Gonzáles 0-0: SINGLE (Line Drive, 3D, EV 98.8 MPH)
Jeffrey Brown to second
Runner from 2nd tries for 3rd, SAFE, no throw by RF
Batting: RHB Tom Pike 0-0: Called Strike
0-1: Ball
1-1: Swinging Strike
1-2: Strikes out looking
Batting: RHB Jorge Baca 0-0: Ball
1-0: Ball
2-0: Ball
3-0: Called Strike
3-1: Called Strike
3-2: Ground out 6-3 (Groundball, 6, EV 103.8 MPH)
Bottom of the 3rd over - 0 runs, 2 hits, 0 errors, 2 left on base; Los Angeles 7 - Tampa Bay 0
TOP OF THE 4TH
Los Angeles Angels batting - Pitching for Tampa Bay Rays : RHP Pete Myers
Pitching: RHP Fernando Gutiérrez
Batting: RHB Stanley Blake 0-0: Called Strike
0-1: Reached via error on a dropped throw from 3B, E3 (Groundball, 56S, EV 88.1 MPH)
Batting: LHB Kenzaburo Sato 0-0: Called Strike
0-1: Called Strike
0-2: Strikes out swinging
Batting: SHB Jeff Vaughn 0-0: Called Strike
0-1: Foul Ball, location: 7LDF
0-2: Ball
1-2: Ball
2-2: Foul Ball, location: 2F
2-2: Ball
3-2: Base on Balls
Stanley Blake to second
Pinch Hitting: RHB Marvin Chávez 0-0: Called Strike
0-1: Ball
1-1: Grounds into double play, 3-6-3 (Groundball, 34S, EV 82.5 MPH)
Top of the 4th over - 0 runs, 0 hits, 1 error, 1 left on base; Los Angeles 7 - Tampa Bay 0
BOTTOM OF THE 4TH
Tampa Bay Rays batting - Pitching for Los Angeles Angels : RHP Nathan Rose
Now at 1B: Marvin Chávez
Batting: SHB Barry Huffman 0-0: Ball
1-0: Ball
2-0: Ball
3-0: Base on Balls
Batting: RHB Colt Keeling 0-0: Ball
1-0: 2-RUN HOME RUN (Flyball, 7D, EV 100.0 MPH), Distance : 383 ft
Batting: RHB Carlos Cruz 0-0: Fly out, F7 (Flyball, 78M, EV 88.8 MPH)
Batting: RHB Paul Robertson 0-0: DOUBLE (Line Drive, 8RXD, EV 99.4 MPH)
Batting: RHB Jeffrey Brown 0-0: Foul Ball, location: 5FF
0-1: Foul Ball, location: 25F
0-2: Ball
1-2: Ball
2-2: Ball
3-2: Base on Balls
Pinch Hitting: RHB John Nelson 0-0: Fly out, F8 (Flyball, 8RD, EV 108.8 MPH)
Runner from 2nd tags up, SAFE at 3rd with throw by CF
Pinch Hitting: RHB Alexander Nix 0-0: Ball
1-0: Ball
2-0: Ball
3-0: Base on Balls
Jeffrey Brown to second
Pinch Hitting: RHB Jesús Hernández 0-0: Ball
1-0: Called Strike
1-1: Swinging Strike
1-2: Fly out, F9 (Flyball, 89S, EV 98.1 MPH)
Bottom of the 4th over - 2 runs, 2 hits, 0 errors, 3 left on base; Los Angeles 7 - Tampa Bay 2
TOP OF THE 5TH
Los Angeles Angels batting - Pitching for Tampa Bay Rays : RHP Fernando Gutiérrez
Pitching: LHP Johnny Sizemo
Now at 1B: Kenko Endo
Now at SS: Jesús Carraseo
Now in LF: Jesús Hernández
Now in CF: John Nelson
Now in RF: Alexander Nix
Batting: RHB Craig Martin 0-0: Ball
1-0: Ball
2-0: Ball
3-0: Base on Balls
Batting: RHB Chris Doubron 0-0: Fly out, F4 (Line Drive, 4D, EV 72.5 MPH)
Lined into DP, 4-3 (Line Drive, 4D, EV 72.5 MPH)
Batting: SHB Xavier Martínez 0-0: Called Strike
0-1: Ball
1-1: Ball
2-1: Ground out 5-3 (Groundball, 5, EV 85.0 MPH)
Top of the 5th over - 0 runs, 0 hits, 0 errors, 0 left on base; Los Angeles 7 - Tampa Bay 2
BOTTOM OF THE 5TH
Tampa Bay Rays batting - Pitching for Los Angeles Angels : RHP Nathan Rose
Pitching: RHP Kiyonaga Yamasaki
Now at C: Dylan Gribbin
Now at 2B: Joseph Bennett
Now in LF: Joe Shaw
Batting: RHB Kenko Endo 0-0: Called Strike
0-1: Called Strike
0-2: Ball
1-2: Ball
2-2: Foul Ball, location: 2F
2-2: Fly out, F9 (Flyball, 9S, EV 80.0 MPH)
Batting: LHB Ánibal Cota 0-0: Ball
1-0: Called Strike
1-1: DOUBLE (Flyball, 8LXD, EV 100.0 MPH)
Batting: RHB Colt Keeling 0-0: Ball
1-0: Ball
2-0: Foul Ball, location: 9LMF
2-1: Ball
3-1: Base on Balls
Batting: RHB Carlos Cruz 0-0: Ball
1-0: Foul Ball, location: 3FF
1-1: Foul Ball, location: 2F
1-2: Fly out, F9 (Flyball, 89M, EV 81.3 MPH)
Runner from 2nd tags up, SAFE at 3rd with throw by RF
Pinch Hitting: RHB Pedro Yega 0-0: Ball
1-0: Ball
2-0: Ground out 4-3 (Groundball, 34, EV 85.0 MPH)
Bottom of the 5th over - 0 runs, 1 hit, 0 errors, 2 left on base; Los Angeles 7 - Tampa Bay 2
TOP OF THE 6TH
Los Angeles Angels batting - Pitching for Tampa Bay Rays : LHP Johnny Sizemo
Now at 1B: António Rincón
Now at 2B: Kenko Endo
Now at 3B: Pedro Yega
Pinch Hitting: RHB Marvin Cummings 0-0: Ball
1-0: Ball
2-0: TRIPLE (Line Drive, 8LXD, EV 107.5 MPH)
Pinch Hitting: RHB Kosho Shibutani 0-0: Ball
1-0: Called Strike
1-1: Swinging Strike
1-2: Strikes out swinging
Batting: LHB Joe Shaw 0-0: Ball
1-0: Ball
2-0: Called Strike
2-1: Foul Ball, location: 25FF
2-2: Ball
3-2: Ground out 6-3 (Groundball, 6, EV 103.8 MPH)
Marvin Cummings scores
Batting: RHB Dylan Gribbin 0-0: Fly out, F6 (Popup, 6, EV 70.6 MPH)
Top of the 6th over - 1 run, 1 hit, 0 errors, 0 left on base; Los Angeles 8 - Tampa Bay 2
BOTTOM OF THE 6TH
Tampa Bay Rays batting - Pitching for Los Angeles Angels : RHP Kiyonaga Yamasaki
Now at SS: Kosho Shibutani
Now in RF: Marvin Cummings
Batting: RHB Jesús Carraseo 0-0: Called Strike
0-1: Foul Ball, location: 23F
0-2: Ball
1-2: Strikes out swinging
Batting: RHB John Nelson 0-0: Called Strike
0-1: Ball
1-1: Called Strike
1-2: Ball
2-2: Strikes out looking
Batting: RHB Alexander Nix 0-0: Foul Ball, location: 5F
0-1: Called Strike
0-2: Strikes out looking
Bottom of the 6th over - 0 runs, 0 hits, 0 errors, 0 left on base; Los Angeles 8 - Tampa Bay 2
TOP OF THE 7TH
Los Angeles Angels batting - Pitching for Tampa Bay Rays : LHP Johnny Sizemo
Pitching: LHP Mike Franklin
Pinch Hitting: LHB Carl Hart 0-0: Ball
1-0: Called Strike
1-1: Swinging Strike
1-2: Strikes out swinging
Batting: RHB Marvin Chávez 0-0: Foul Ball, location: 2F
0-1: Ball
1-1: Called Strike
1-2: Ground out 3-1 (Groundball, 34, EV 93.1 MPH)
Pinch Hitting: RHB Clyde Joyner 0-0: Ball
1-0: Swinging Strike
1-1: Ball
2-1: Ball
3-1: Swinging Strike
3-2: SINGLE (Groundball, 6MD, EV 97.5 MPH)
Batting: RHB Chris Doubron 0-0: Called Strike
0-1: Swinging Strike
0-2: Foul Ball, location: 2F
0-2: Strikes out looking
Top of the 7th over - 0 runs, 1 hit, 0 errors, 1 left on base; Los Angeles 8 - Tampa Bay 2
BOTTOM OF THE 7TH
Tampa Bay Rays batting - Pitching for Los Angeles Angels : RHP Kiyonaga Yamasaki
Pitching: RHP Roy Cruz
Now at 3B: Clyde Joyner
Now in CF: Carl Hart
Batting: RHB Jesús Hernández 0-0: Ball
1-0: Foul Ball, location: 2F
1-1: Swinging Strike
1-2: Ground out 6-3 (Groundball, 6, EV 87.5 MPH)
Batting: RHB Kenko Endo 0-0: Ball
1-0: Ball
2-0: Ball
3-0: Hit by Pitch
Batting: LHB Ánibal Cota 0-0: Ball
1-0: Called Strike
1-1: Ball
2-1: Grounds out, U3 (Groundball, 3L, EV 86.9 MPH)
Batting: RHB António Rincón 0-0: Foul Ball, location: 25FF
0-1: Swinging Strike
0-2: Ball
1-2: Foul Ball, location: 2F
1-2: Strikes out swinging
Bottom of the 7th over - 0 runs, 0 hits, 0 errors, 1 left on base; Los Angeles 8 - Tampa Bay 2
TOP OF THE 8TH
Los Angeles Angels batting - Pitching for Tampa Bay Rays : LHP Mike Franklin
Pitching: RHP Ben Nicholson
Batting: RHB Joseph Bennett 0-0: Ball
1-0: DOUBLE (Line Drive, 78D, EV 110.0 MPH)
Batting: RHB Marvin Cummings 0-0: Ball
1-0: Foul Ball, location: 2F
1-1: Foul Ball, location: 9LDF
1-2: Ball
2-2: Foul Ball, location: 25F
2-2: Fly out, F9 (Line Drive, 89M, EV 101.9 MPH)
Batting: RHB Kosho Shibutani 0-0: Fly out, F8 (Flyball, 8RM, EV 92.5 MPH)
Batting: LHB Joe Shaw 0-0: DOUBLE (Line Drive, 9LM, EV 108.1 MPH)
Joseph Bennett scores
Batting: RHB Dylan Gribbin 0-0: Called Strike
0-1: Ball
1-1: Foul Ball, location: 9LDF
1-2: Strikes out looking
Top of the 8th over - 1 run, 2 hits, 0 errors, 1 left on base; Los Angeles 9 - Tampa Bay 2
BOTTOM OF THE 8TH
Tampa Bay Rays batting - Pitching for Los Angeles Angels : RHP Roy Cruz
Pitching: RHP Zong-yuan Liang
Batting: RHB Carlos Cruz 0-0: Called Strike
0-1: Foul Ball, location: 2RF
0-2: Foul Ball, location: 2LF
0-2: Strikes out looking
Pinch Hitting: LHB Oliver Whitley 0-0: DOUBLE (Line Drive, 5D, EV 95.0 MPH)
Batting: RHB Jesús Carraseo 0-0: Called Strike
0-1: Foul Ball, location: 2F
0-2: Foul Ball, location: 3FF
0-2: Ball
1-2: Fly out, F8 (Flyball, 8LM, EV 84.4 MPH)
Batting: RHB John Nelson 0-0: Ball
1-0: Ground out 6-3 (Groundball, 6, EV 86.3 MPH)
Bottom of the 8th over - 0 runs, 1 hit, 0 errors, 1 left on base; Los Angeles 9 - Tampa Bay 2
TOP OF THE 9TH
Los Angeles Angels batting - Pitching for Tampa Bay Rays : RHP Ben Nicholson
Pitching: RHP Pavlusha Faingauz
Now at 3B: Jesús Hernández
Now in LF: Alexander Nix
Now in RF: Oliver Whitley
Batting: LHB Carl Hart 0-0: Ball
1-0: Ball
2-0: Called Strike
2-1: Ground out 3-1 (Groundball, 34S, EV 88.1 MPH)
Pinch Hitting: RHB Cal Holmes 0-0: Called Strike
0-1: Foul Ball, location: 5FF
0-2: Ball
1-2: Fly out, F7 (Flyball, 7S, EV 80.6 MPH)
Batting: RHB Clyde Joyner 0-0: Ball
1-0: SINGLE (Groundball, 6MD, EV 98.1 MPH) (infield hit)
Batting: LHB Mike Wheeler 0-0: Called Strike
0-1: Ball
1-1: 2-RUN HOME RUN (Flyball, 9LD, EV 97.5 MPH), Distance : 357 ft
Batting: RHB Joseph Bennett 0-0: Called Strike
0-1: Ground out 1-3 (Groundball, 34S, EV 66.9 MPH)
Top of the 9th over - 2 runs, 2 hits, 0 errors, 0 left on base; Los Angeles 11 - Tampa Bay 2
BOTTOM OF THE 9TH
Tampa Bay Rays batting - Pitching for Los Angeles Angels : RHP Zong-yuan Liang
Pitching: LHP José Tovar
Now at 1B: Cal Holmes
Pinch Hitting: LHB César García 0-0: Called Strike
0-1: Foul Ball, location: 2F
0-2: Ball
1-2: Strikes out swinging
Pinch Hitting: RHB José Rodríguez 0-0: Swinging Strike
0-1: Ball
1-1: SINGLE (Line Drive, 8LS, EV 90.0 MPH)
Pinch Hitting: LHB Tom Pope 0-0: Ball
1-0: Swinging Strike
1-1: Foul Ball, location: 2F
1-2: SINGLE (Line Drive, 4M, EV 96.9 MPH)
José Rodríguez to second
Batting: RHB Armando Guillén 0-0: Called Strike
0-1: Ball
1-1: Ball
2-1: Ball
3-1: TRIPLE (Flyball, 89XD, EV 85.0 MPH)
José Rodríguez scores
Tom Pope scores
Batting: RHB António Rincón 0-0: Ball
1-0: Fly out, F4 (Line Drive, 4, EV 66.9 MPH)
Lined into DP, 4-5 (Line Drive, 4, EV 66.9 MPH)
Bottom of the 9th over - 2 runs, 3 hits, 0 errors, 0 left on base; Los Angeles 11 - Tampa Bay 4
Wednesday, April 3rd , 2024 - OOTP Baseball 24.10 Build 82